 Dungeon Crawl Stone Soup version 0.29-a0-322-g68df515428 (webtiles) character file.

Game seed: 16844493916535011364

110 zishaf the Sneak (level 4, 0/23 HPs)
             Began as a Vine Stalker Brigand on Apr 5, 2022.
             Slain by a bat (1 damage)
             ... on level 2 of the Dungeon.
             The game lasted 00:01:40 (1088 turns).

zishaf the Sneak (Vine Stalker Brigand)             Turns: 1088, Time: 00:01:41

Health: 0/23       AC:  3    Str: 16    XL:     4   Next: 91%
Magic:  0/5        EV: 11    Int: 11    God:
Gold:   46         SH:  0    Dex: 15    Spells: 3/3 levels left

rFire   . . .      SeeInvis .   a - +2 dagger
rCold   . . .      Faith    .   m - +0 buckler
rNeg    . . .      Spirit   +   b - +0 robe
rPois   .          Reflect  .   (no helmet)
rElec   .          Harm     .   c - +0 cloak
rCorr   .          Rampage  .   (no gloves)
Will    .....                   (no boots)
Stlth   +.........              (no amulet)
HPRegen 0.87/turn               (no ring)
MPRegen 0.09/turn               (no ring)

@: confused
A: fangs 2, regeneration 1, magic shield, antimagic bite, no potion heal 2
a: no special abilities


You were on level 2 of the Dungeon.
You visited 1 branch of the dungeon, and saw 2 of its levels.

You collected 46 gold pieces.

Inventory:

Hand Weapons
 a - a +2 dagger (weapon)
Missiles
 d - 9 poisoned darts (quivered)
 e - 3 curare-tipped darts
Armour
 b - a +0 robe (worn)
 c - a +0 cloak (worn)
 m - a +0 buckler (worn)
Jewellery
 k - an amulet of faith
Scrolls
 f - a scroll of noise {unknown}
 g - a scroll of teleportation {unknown}
 l - a scroll of blinking {unknown}
 n - a scroll of identify {unknown}
Potions
 h - a potion of heal wounds {unknown}
 i - a potion of attraction {unknown}
 j - a potion of resistance {unknown}
 o - a potion of haste {unknown}


   Skills:
 + Level 2.8 Fighting
 + Level 2.8 Short Blades
 - Level 1.7 Throwing
 - Level 1.0 Dodging
 + Level 5.8 Stealth
 + Level 0.8 Shields


You had 3 spell levels left.
You didn't know any spells.
Your spell library contained the following spells:

 Spells                   Type           Power      Damage    Failure   Level
 Apportation              Tloc           0%         N/A       43%         1
 Alistair's Intoxication  Tmut/Pois      0%         N/A       100%        5


Dungeon Overview and Level Annotations

Branches:
Dungeon (2/15)

Altars:

Annotations:
D:2 Jessica, Sigmund


Innate Abilities, Weirdness & Mutations

You have extremely sharp teeth.
Your natural rate of healing is unusually fast.
When hurt, damage is shared between your health and your magic reserves.
Your bite disrupts and absorbs the magic of your enemies.
Potions cannot restore your health.


Message History

Jessica barely misses you.
You miss Jessica. The bat barely misses you. The bat completely misses you.
Sigmund hits you from afar with a +0 scythe.
Jessica hits you but does no damage.
You bump into the rock wall.
The bat closely misses you. Jessica hits you with a +0 club.
The bat hits you but does no damage. The bat barely misses you.
The bat barely misses you. The bat hits you.
Sigmund hits you from afar with a +0 scythe.
Jessica hits you with a +0 club.
Sigmund breathes a few words.
Sigmund's hands start flickering wildly.
Sigmund hits you from afar with a +0 scythe!
* * * LOW HITPOINT WARNING * * *
The bat barely misses you. Jessica attacks as you move away!
Jessica hits you with a +0 club.
* * * LOW HITPOINT WARNING * * *
The bat hits you but does no damage. The bat closely misses you.
Jessica points at you and mumbles some strange words.
You easily resist.
Jessica casts a spell.
Jessica seems to speed up.
The bat barely misses you.
You hit the bat.
You kill the bat!
The bat barely misses you. Sigmund gestures at you while chanting.
You are more confused.
Jessica mumbles some strange words.
Jessica blinks!
The bat hits you but does no damage.
Jessica grins evilly.
Sigmund misses you. The bat closely misses you.
Sigmund hits you from afar with a +0 scythe.
* * * LOW HITPOINT WARNING * * *
Jessica shouts, "I don't like beings like you!"
Jessica hits you with a +0 club.
* * * LOW HITPOINT WARNING * * *
The bat hits you.
You die...

....# ## .. #...# .#
.(###...# .#
..##?...###.##
#.##...##....#
###.##...#...#
......<......# #
##.###..†...#
####.#####....b@@@..#
.....................>...
######.###.####.#...#.#.
#...#..# #.##....#
#####'##.# #.###.#+#
#........# #.# ...
#........###.# ....
#.........##.# ...
#...†...#.##.#


You could see Sigmund, Jessica (fast) and a bat.

Vanquished Creatures
  Natasha (thrice) (D:2)
  An adder (D:2)
  2 ball pythons (D:1)
  2 endoplasms (D:1)
  3 giant cockroaches
  A goblin (D:1)
  A hobgoblin (D:2)
  3 jackals (D:1)
  2 quokkas (D:1)
  2 bats
  2 kobolds (D:1)
  6 rats
28 creatures vanquished.

Notes
Turn   | Place    | Note
-------+----------+-------------------------------------------
     0 | D:1      | zishaf the Vine Stalker Brigand began the quest for the
                  | Orb.
     0 | D:1      | Reached XP level 1. HP: 11/11 MP: 2/2
    72 | D:1      | Reached skill level 1 in Dodging
    80 | D:1      | Reached skill level 5 in Stealth
    80 | D:1      | Reached XP level 2. HP: 8/15 MP: 3/3
   602 | D:2      | Noticed Natasha
   604 | D:2      | Killed Natasha
   605 | D:2      | Reached XP level 3. HP: 19/19 MP: 4/4
   909 | D:2      | Gained mutation: Your natural rate of healing is unusually
                  | fast. [Vine Stalker growth]
   909 | D:2      | Reached XP level 4. HP: 23/23 MP: 5/5
   927 | D:2      | Noticed Natasha
   936 | D:2      | Killed Natasha
  1041 | D:2      | Noticed Natasha
  1044 | D:2      | Killed Natasha
  1068 | D:2      | Noticed Jessica
  1070 | D:2      | Noticed Sigmund
  1088 | D:2      | HP: 1/23 [Jessica/+0 club (3)]
  1088 | D:2      | Slain by a bat

Illustrated notes

Levels and vault maps discovered:
D:1:      dpeg_arrival_fog, layout_rooms
D:2:      layout_basic, hellmonk_ecumenical_altar_arch_garden, uniq_natasha,
          uniq_sigmund, uniq_jessica

Skill      XL: |  1 |
---------------+----+-----
Dodging        | 1 |  1.0
Fighting       | 2 |  2.8
Short Blades   | 2 |  2.8
Stealth        | 5 |  5.8
Throwing       | |  1.7
Shields        | |  0.8

Action                   |  1- 3 |  4- 6 || total
-------------------------+-------+-------++-------
Melee: Dagger            |    52 |    16 ||    68
       Bite              |     7 |     3 ||    10
       Punch             |     2 |       ||     2
 Stab: Sleeping          |     6 |       ||     6
Armor: Robe              |    10 |     6 ||    16
Dodge: Dodged            |    33 |    19 ||    52
Block: Buckler           |     2 |     1 ||     3

Table legend: (Time is in decaauts)
 A = Elapsed time spent in this place.
 B = Non-inter-level travel time spent in this place.
 C = Inter-level travel time spent in this place.
 D = Time resting spent in this place.
 E = Time spent auto-exploring this place.
 F = Levels seen in this place.
 G = Mean time per level.
                   A        B        C        D        E       F      G
               +--------+--------+--------+--------+--------+-----+--------+
         Total |   1082 |   1067 |     15 |    136 |    740 |   2 |  541.0 |
       Dungeon |   1082 |   1067 |     15 |    136 |    740 |   2 |  541.0 |
               +--------+--------+--------+--------+--------+-----+--------+

Top non-repeatable levels by time:
     D:1: 597 daAuts
     D:2: 484 daAuts
